 Dungeon Crawl Stone Soup version 0.21.1-1-g345015f (webtiles) character file.

2235 JeffiDaFish the Geomancer (level 9, -7/45 HPs)
             Began as a Gargoyle Earth Elementalist on Feb 7, 2018.
             Was a Follower of Vehumet.
             Killed from afar by bellsore's ghost (38 damage)
             ... with a stone arrow
             ... on level 7 of the Dungeon.
             The game lasted 00:21:48 (6991 turns).

JeffiDaFish the Geomancer (GrEE)                    Turns: 6991, Time: 00:21:50

Health: -7/45      AC: 13    Str: 12    XL:     9   Next: 36%
Magic:  14/21      EV: 12    Int: 19    God:    Vehumet [*.....]
Gold:   338        SH:  0    Dex: 16    Spells: 15/24 levels left

rFire    + . .     SeeInvis .   h - +2 mace
rCold    . . .     Gourm    .   (no shield)
rNeg     + . .     Faith    .   c - +1 robe
rPois    ∞         Spirit   .   q - +1 helmet (curse)
rElec    +         Reflect  .   o - +0 cloak
rCorr    .         Harm     .   l - +0 pair of gloves
MR       .....                  (no boots)
Stlth    +++.......             (no amulet)
HPRegen  0.15/turn              t - ring "Vushycva" {rElec rF+ Stlth+}
MPRegen  0.17/turn              p - +6 ring of dexterity

@: no status effects
A: negative energy resistance 1, electricity resistance, unbreathing,
petrification resistance, rot immunity, AC +6
a: Renounce Religion


You were on level 7 of the Dungeon.
You worshipped Vehumet.
Vehumet was aware of your devotion.
You were not hungry.

You visited 2 branches of the dungeon, and saw 8 of its levels.

You collected 338 gold pieces.

Inventory:

Hand Weapons
 h - a +2 mace (weapon)
Missiles
 b - 56 stones (quivered)
Armour
 c - a +1 robe (worn)
 l - a +0 pair of gloves (worn)
 o - a +0 cloak (worn)
 q - a cursed +1 helmet (worn)
Jewellery
 p - a +6 ring of dexterity (right hand)
 t - the ring "Vushycva" (left hand) {rElec rF+ Stlth+}
   (You found it on level 7 of the Dungeon)

   [ring of stealth]

   It protects you from fire.
   It insulates you from electricity.
   It makes you more stealthy.
Wands
 g - a wand of disintegration (20)
 r - a wand of scattershot (6)
Scrolls
 a - 5 scrolls of amnesia
 f - 4 scrolls of teleportation
 i - 2 scrolls of fear
 k - 2 scrolls of remove curse
Potions
 j - 2 potions of heal wounds
Books
 e - a book of Geomancy

   Spells                             Type                      Level
   a - Sandblast                      Earth                        1
   b - Passwall                       Transmutation/Earth          2
   c - Stone Arrow                    Conjuration/Earth            3
   d - Petrify                        Transmutation/Earth          4
   e - Lee's Rapid Deconstruction     Earth                        5
Comestibles
 d - 8 rations


   Skills:
 - Level 1.6 Dodging
 - Level 2.1 Stealth
 + Level 8.1 Spellcasting
   Level 0.7 Transmutations
 + Level 10.8 Earth Magic


You had 15 spell levels left.
You knew the following spells:

 Your Spells              Type           Power        Failure   Level  Hunger
a - Sandblast             Erth           #####.       1%          1    None
b - Stone Arrow           Conj/Erth      ####..       3%          3    None
c - Lee's Rapid Deconstr  Erth           #####.....   2%          5    #####..


Dungeon Overview and Level Annotations

Branches:
Dungeon (7/15)             Temple (1/1) D:4

Altars:
Ashenzari
Cheibriados
Dithmenos
Elyvilon
Fedhas
Gozag
Hepliaklqana
Kikubaaqudgha
Makhleb
Nemelex Xobeh
Okawaru
Qazlal
Ru
Sif Muna
Trog
Uskayaw
Vehumet
Wu Jian
Xom
Yredelemnul
Zin
The Shining One

Shops:
D:6 :

Annotations:
D:7 bellsore's ghost, novice GrEE


Innate Abilities, Weirdness & Mutations

You are resistant to torment.
Your stone body is resilient. (AC +6)
You are immune to poison.
You resist negative energy. (rN+)
You are resistant to electric shocks. (rElec)
You can survive without breathing.
You are immune to petrification.
You are immune to rotting.


Message History

Confirm with . or Enter, or press ? or * to list all spells.
Aiming: Sandblast
Press: ? - help, Shift-Dir - straight line, f/p - bellsore's ghost
Aim: bellsore's ghost, wielding a weapon of electrocution (heavily damaged)
The blast of sand hits bellsore's ghost.
Bellsore's ghost is severely damaged.
b - 57 stones Bellsore's ghost hits you but does no damage.
Casting: Sandblast
Confirm with . or Enter, or press ? or * to list all spells.
Aiming: Sandblast
Press: ? - help, Shift-Dir - straight line, f/p - bellsore's ghost
Aim: bellsore's ghost, wielding a weapon of electrocution (severely damaged)
The blast of sand hits bellsore's ghost.
Bellsore's ghost is almost destroyed.
b - 56 stones Bellsore's ghost points at you and mumbles some strange words.
The stone arrow hits you!
Ouch! That really hurt!
You die...

#...# ######## ##...#
#...... #....# #......
+....########+####......
#..........##...##......
#...............#.......
#..............+.......
#...##....##...##......
##...##@#####...##......
#....#.W.<..............
#.......................
...'....#..................
###########################


You could see bellsore's ghost.

Vanquished Creatures
  A centaur skeleton (D:6)
  Menkaure (D:5)
  2 ice beasts
  2 phantoms (D:6)
  4 ogres
  A centaur (D:7)
  4 howler monkeys
  A crimson imp (D:6)
  A centaur zombie (D:5)
  3 hounds
  3 bullfrog skeletons
  4 orc wizards
  Crazy Yiuf (D:6)
  3 bullfrog zombies
  3 iguanas
  4 worker ants
  A killer bee zombie (D:6)
  A hound zombie (D:6)
  A worker ant zombie (D:6)
  3 gnolls (D:5)
  3 river rats (D:3)
  5 adders
  A shadow imp (D:6)
  An adder zombie (D:5)
  An adder skeleton (D:4)
  5 worms
  A dart slug (D:3)
  2 leopard geckos
  18 orcs
  6 bats
  6 giant cockroaches
  3 goblins
  11 hobgoblins
  5 jackals
  6 quokkas
  3 ball pythons
  2 frilled lizards
  2 kobolds
  A quokka skeleton (D:3)
  4 rats
130 creatures vanquished.

Vanquished Creatures (others)
  An orc wizard (D:6)
1 creature vanquished.

Grand Total: 131 creatures vanquished

Notes
Turn   | Place    | Note
-------+----------+-------------------------------------------
     0 | D:1      | JeffiDaFish the Gargoyle Earth Elementalist began the quest for the Orb.
     0 | D:1      | Reached XP level 1. HP: 10/10 MP: 3/3
   493 | D:1      | Reached XP level 2. HP: 11/15 MP: 0/5
   573 | D:1      | Reached skill level 4 in Earth Magic
  1493 | D:2      | Reached XP level 3. HP: 19/19 MP: 3/6
  1534 | D:2      | Learned a level 3 spell: Stone Arrow
  2054 | D:3      | Reached XP level 4. HP: 24/24 MP: 4/8
  2063 | D:3      | Reached skill level 5 in Earth Magic
  2437 | D:3      | Reached XP level 5. HP: 26/28 MP: 4/10
  3083 | D:3      | Learned a level 5 spell: Lee's Rapid Deconstruction
  3362 | D:4      | Noticed an ogre
  3369 | D:4      | Killed an ogre
  3369 | D:4      | Reached skill level 6 in Earth Magic
  3369 | D:4      | Reached XP level 6. HP: 32/32 MP: 5/12
  3475 | D:4      | Found a staircase to the Ecumenical Temple.
  3482 | Temple   | Entered the Ecumenical Temple
  4081 | D:4      | Reached skill level 5 in Spellcasting
  4081 | D:4      | Reached skill level 7 in Earth Magic
  4081 | D:4      | Reached XP level 7. HP: 36/36 MP: 8/14
  4097 | D:4      | Found a white marble altar of Elyvilon.
  4097 | D:4      | Found a glowing silver altar of Zin.
  4098 | D:4      | Found a glowing golden altar of the Shining One.
  4327 | D:4      | Found a radiant altar of Vehumet.
  4328 | D:4      | Found a sacrificial altar of Ru.
  4336 | D:4      | Became a worshipper of Vehumet
  4488 | D:5      | Entered Level 5 of the Dungeon
  4537 | D:5      | Noticed Menkaure
  4540 | D:5      | Killed Menkaure
  4856 | D:5      | Reached skill level 8 in Earth Magic
  4856 | D:5      | Reached XP level 8. HP: 33/41 MP: 1/16
  5329 | D:5      | Found an iron altar of Okawaru.
  5358 | D:5      | Found a hide-covered altar of Uskayaw.
  5358 | D:5      | Found an ancient bone altar of Kikubaaqudgha.
  5363 | D:5      | Found a faded altar of an unknown god.
  5365 | D:5      | Found a bloodstained altar of Trog.
  5367 | D:5      | Found an opulent altar of Gozag.
  5456 | D:6      | Reached skill level 9 in Earth Magic
  5570 | D:6      | Found a burning altar of Makhleb.
  5572 | D:6      | Found a shimmering altar of Xom.
  5623 | D:6      | Reached * piety under Vehumet
  5623 | D:6      | Offered knowledge of Shock by Vehumet.
  5687 | D:6      | Found a runed door.
  5691 | D:6      | Noticed Crazy Yiuf
  5693 | D:6      | Killed Crazy Yiuf
  5868 | D:6      | Reached skill level 10 in Earth Magic
  5880 | D:6      | Reached XP level 9. HP: 45/45 MP: 10/20
  6124 | D:6      | Found Ajuacen's Book Emporium.
  6530 | D:6      | Found a deep blue altar of Sif Muna.
  6559 | D:6      | Identified Sif Muna's Almanac of Attacks
  6859 | D:7      | Got a faintly glowing iron ring
  6861 | D:7      | Identified the ring "Vushycva" {rElec rF+ Stlth+} (You found it on level 7 of the Dungeon)
  6979 | D:7      | Noticed bellsore's ghost (novice GrEE)
  6991 | D:7      | Killed from afar by bellsore's ghost

Skill      XL: |  1  2  3  4  5  6  7  8  9 |
---------------+----------------------------+-----
Earth Magic    | 4 5 6 7 8 10 | 10.8
Spellcasting   | 3 4 5 7 8 |  8.1
Dodging        | |  1.6
Stealth        | |  2.1
Transmutations | |  0.7

Action                   |  1- 3 |  4- 6 |  7- 9 || total
-------------------------+-------+-------+-------++-------
Melee: Unarmed           |    24 |       |       ||    24
       Mace              |     7 |    64 |    77 ||   148
 Cast: Sandblast         |    40 |    61 |    76 ||   177
       Stone Arrow       |     2 |     8 |    26 ||    36
       Lee's Rapid Decon |       |       |     7 ||     7
  Use: Potion            |     6 |     1 |     3 ||    10
       Scroll            |     6 |     4 |     6 ||    16
 Stab: Sleeping          |       |     2 |     3 ||     5
  Eat: Chunk             |     3 |     8 |    10 ||    21
       Ration            |       |       |     1 ||     1
Armor: Robe              |    18 |    23 |    46 ||    87
Dodge: Dodged            |    18 |    59 |    76 ||   153
